 Dungeon Crawl Stone Soup version 0.28.0-53-g5a82cb258f (webtiles) character file.

Game seed: 2056600373453113843

18 Zeld the Skirmisher (level 2, 24/24 HPs)
             Began as a Demonspawn Chaos Knight on June 2, 2022.
             Was a Plaything of Xom.
             Quit the game on level 1 of the Dungeon.
             The game lasted 00:00:29 (789 turns).

Zeld the Skirmisher (Demonspawn Chaos Knight)        Turns: 789, Time: 00:00:30

Health: 24/24      AC:  5    Str: 12    XL:     2   Next: 48%
Magic:  2/2        EV: 11    Int: 13    God:    Xom [..*...]
Gold:   45         SH:  0    Dex: 12    Spells: 1/1 levels left

rFire   . . .      SeeInvis .   a - +0 mace (chaos)
rCold   . . .      Faith    .   (no shield)
rNeg    . . .      Spirit   .   b - +2 leather armour
rPois   .          Reflect  .   (no helmet)
rElec   .          Harm     .   (no cloak)
rCorr   .          Rampage  .   (no gloves)
Will    .....                   (no boots)
Stlth   +.........              (no amulet)
HPRegen 0.08/turn               (no ring)
MPRegen 0.16/turn               (no ring)

@: no status effects
A: magic regeneration
a: Renounce Religion


You were on level 1 of the Dungeon.
You worshipped Xom.
You were a toy of Xom.
You visited 1 branch of the dungeon, and saw 1 of its levels.

You collected 45 gold pieces.

Inventory:

Hand Weapons
 a - a +0 mace of chaos (weapon)
Armour
 b - a +2 leather armour (worn)
Scrolls
 c - a scroll of magic mapping {unknown}
Potions
 d - a potion of brilliance {unknown}


   Skills:
 + Level 3.1 Fighting
 * Level 3.0 Maces & Flails
 + Level 2.0 Armour
 + Level 1.2 Dodging


You had one spell level left.
You didn't know any spells.
Your spell library contained the following spells:

 Spells                   Type           Power      Damage    Failure   Level
 Dazzling Flash           Conj/Hex       0%         N/A       75%         3
 Agony                    Necr           0%         N/A       100%        5
 Silence                  Hex/Air        0%         N/A       100%        5


Dungeon Overview and Level Annotations

Branches:
Dungeon (1/15)

Altars:

Shops:
D:1 !


Innate Abilities, Weirdness & Mutations

You regenerate magic rapidly.


Message History

No target in view!
You see here a hobgoblin corpse.
No target in view!
Xom grants you insight.
You detect nothing.
d - a metallic puce potion No target in view!
You now have 14 gold pieces.
You now have 26 gold pieces (gained 12).
Key pressed, stopping explore.
No target in view!
You open the door.
Found 2 curare-tipped darts.
No target in view!
There is an open door here.
You open the door.
There is an open door here.
You now have enough gold to buy a potion of curing on this level.
You can access your shopping list by pressing '$'.
You now have 38 gold pieces (gained 12).
No target in view!
Found a tower shield.
No target in view!
A bat comes into view.
A bat is nearby!
The helpless bat fails to defend itself.
You sock the bat! Lightning courses through the bat!
You kill the bat!
You see here a bat corpse.
Found a leather armour.
No target in view!
You see here a bat corpse.
You now have 45 gold pieces (gained 7).
Found a stone staircase leading down.
No target in view!
No target in view! 2 bats come into view.
There are monsters nearby!
There are monsters nearby!
Are you sure you want to abandon this character and quit the game? (Confirm with "yes".)

####.#### #.#
#.......### #.#
#.........# #+##
#.......#.##...##
#.......#.#.....#
#.......#........
#........#........
#.............b.>.
#.........@......b
#.#....####.......
#.#.##. #.....# #.
#. #...## . ..
#+## #


You could see 2 bats.

Vanquished Creatures
  4 endoplasms (D:1)
  3 giant cockroaches (D:1)
  4 goblins (D:1)
  A hobgoblin (D:1)
  A bat (D:1)
  A frilled lizard (D:1)
14 creatures vanquished.

Notes
Turn   | Place    | Note
-------+----------+-------------------------------------------
     0 | D:1      | Zeld the Demonspawn Chaos Knight began the quest for the
                  | Orb.
     0 | D:1      | Reached XP level 1. HP: 18/18 MP: 1/1
    35 | D:1      | Reached skill level 1 in Dodging
   270 | D:1      | Gained mutation: You regenerate magic rapidly. [demonic
                  | ancestry]
   270 | D:1      | Reached XP level 2. HP: 17/24 MP: 2/2
   544 | D:1      | Found Ewnaodau's Distillery.
   641 | D:1      | XOM: divination: detect creatures
   789 | D:1      | Quit the game

Illustrated notes

Levels and vault maps discovered:
D:1:      ncdulo_smallfort, layout_loops_corners, serial_shops,
          nicolae_shop_behind_doors, item_on_display_a

Skill      XL: |  1  2 |
---------------+-------+-----
Dodging        | 1 |  1.2
Maces & Flails | 3 |  3.0
Armour         | 2 |  2.0
Fighting       | |  3.1

Action                   || total
-------------------------++-------
Melee: Mace              ||    28
 Stab: Sleeping          ||     1
Armor: Leather armour    ||     9
Dodge: Dodged            ||    17
